Map: Ruins of Seras

Players

CunningStunt

  • Race: Protoss Protoss
  • League: Gold

A.I. 2 (Very Easy) - Winner!

  • Race: Zerg Zerg

A.I. 3 (Very Easy) - Winner!

  • Race: Zerg Zerg

VOD

Have the link to the VOD?

Description

Time

  • Played on: Sept. 8, 2015, 10:37 a.m.
  • Length: 2:21
Show
View Real Time Build Order
Export as new Build Order

CunningStunt Protoss 

Build Orders: 1 Gate Expand 

Get SALT Encoding   

  12  0:00  Probe (Chrono Boost)  
  13  0:10  Probe (Chrono Boost)  
  14  0:19  Pylon  
  14  0:22  Probe (Chrono Boost)  
  15  0:37  Probe (Chrono Boost)  
  16  0:45  Gateway  
  16  0:47  Probe (Chrono Boost)  
  17  0:57  Probe (Chrono Boost)  
  18  1:07  Probe (Chrono Boost)  
  19  1:17  Probe (Chrono Boost)  
  20  1:23  Nexus  
  20  1:29  Assimilator  
  20  1:33  Assimilator  
  20  1:37  Probe (Chrono Boost)  
  21  1:46  Cybernetics Core  
  21  1:47  Probe (Chrono Boost)  
  22  1:58  Probe (Chrono Boost), Pylon  
Show
View Real Time Build Order
Export as new Build Order

A.I. 2 (Very Easy) Zerg - Winner!

Build Orders:  

Get SALT Encoding   

Show
View Real Time Build Order
Export as new Build Order

A.I. 3 (Very Easy) Zerg - Winner!

Build Orders: Pool Only 

Get SALT Encoding   

  12  0:08  Overlord  
  12  0:13  Drone  
  13  0:32  Spawning Pool  
  13  0:34  Drone  
  13  0:41  Drone  
  13  0:42  Extractor  
  13  0:48  Drone  
  14  1:19  Queen  
  14  1:20  Zergling x2  
  14  1:24  Roach Warren  
  16  1:25  Drone  
  17  1:35  Overlord  
  17  1:39  Extractor  
  16  1:44  Drone  
  17  1:50  Zergling x2  
  18  2:03  Drone  
Tags
 
Add a new tag
Caveats
  • Supply blocks, unpowered buildings, or Contaminate may cause inaccurate times.
  • Supply counts are checked every 10 seconds.